Map: Blackpink LE

Players

Ryung - Winner!

  • Race: Terran Terran
  • Spawn Location: 1:00

sOs

  • Race: Protoss Protoss
  • Spawn Location: 7:00

Event: IEM Season 12 - Katowice

VOD

Have the link to the VOD?

Description

Time

  • Played on: March 2, 2018, 10:51 a.m.
  • Length: 11:10

All games in this series

Show
View Real Time Build Order
Export as new Build Order

Ryung Terran - Winner!

Build Orders: Gas First Reaper Expand, Liberator Opening, Reaper Expand 

Get SALT Encoding   

  12  0:00  SCV  
  13  0:12  SCV  
  14  0:17  Supply Depot  
  14  0:25  SCV  
  14  0:28  Refinery  
  15  0:39  SCV  
  16  0:43  Barracks  
  16  0:51  SCV  
  17  1:03  SCV  
  18  1:15  SCV  
  19  1:30  Orbital Command  
  19  1:31  Reaper  
  20  1:46  Command Center  
  20  1:57  Factory  
  20  2:01  SCV  
  21  2:07  Barracks Reactor  
  21  2:13  SCV  
  21  2:15  Supply Depot  
  22  2:21  Refinery  
  22  2:25  SCV  
  23  2:37  SCV  
  23  2:43  Starport  
  23  2:44  Marine x2  
  24  2:49  SCV  
  24  2:51  Widow Mine  
  29  2:59  Orbital Command  
  29  3:01  SCV, Marine  
  29  3:02  Marine  
  32  3:13  Widow Mine, SCV  
  35  3:21  Marine, Medivac  
  35  3:22  Marine  
  35  3:25  SCV x2  
  41  3:32  Supply Depot  
  41  3:36  Factory Tech Lab  
  41  3:38  SCV x2  
  41  3:41  Marine x2  
  45  3:50  SCV  
  45  3:53  SCV  
  45  3:54  Supply Depot  
  45  3:55  Siege Tank  
  50  3:58  Liberator  
  50  3:59  Engineering Bay  
  50  4:03  SCV  
  50  4:04  Marine x2  
  50  4:05  SCV  
  57  4:17  Supply Depot, SCV  
  57  4:18  SCV  
  59  4:24  Marine x2  
  59  4:28  Missile Turret  
  61  4:39  SCV x2, Siege Tank  
  61  4:45  Marine x2  
  68  4:50  Supply Depot  
  68  4:51  SCV x2  
  70  5:00  Barracks  
  70  5:07  Barracks  
  70  5:09  Supply Depot  
  70  5:12  SCV x2, Terran Infantry Weapons Level 1  
  72  5:15  Barracks Tech Lab  
  72  5:24  SCV x2  
  72  5:26  Missile Turret  
  72  5:27  Refinery  
  72  5:28  Refinery  
  74  5:34  Marine  
  75  5:36  SCV x2  
  75  5:37  Starport Reactor  
  75  5:41  Supply Depot  
  77  5:47  Marine  
  74  5:51  Cyclone  
  74  5:52  Missile Turret, Marine  
  77  5:59  Marine  
  77  6:01  Marine  
  79  6:05  Marine  
  78  6:12  Marine  
  72  6:19  SCV x2, Marine  
  72  6:22  Marine  
  73  6:30  Marine  
  71  6:33  Missile Turret  
  71  6:37  Marine  
  72  6:40  Marine  
  72  6:43  Missile Turret  
  60  6:57  SCV x2  
  60  6:58  Barracks Tech Lab x2  
  56  7:09  SCV  
  56  7:10  SCV  
  54  7:16  Combat Shields  
  54  7:17  Stimpack  
  54  7:22  SCV x2  
  55  7:23  Marine x2  
  55  7:24  Marine  
  57  7:31  Terran Infantry Armor Level 1  
  57  7:34  SCV x2  
  59  7:41  Marine  
  60  7:46  SCV  
  60  7:47  Marauder  
  65  7:54  SCV  
  65  7:57  Factory Reactor  
  65  7:58  SCV  
  65  7:59  Starport Reactor, Marauder  
  65  8:01  Barracks  
  65  8:04  Supply Depot  
  65  8:05  Supply Depot  
  67  8:06  SCV  
  67  8:09  Barracks  
  63  8:12  SCV  
  63  8:18  SCV  
  63  8:19  Marine x2, Marauder  
  68  8:21  Marauder  
  68  8:32  SCV  
  69  8:37  Supply Depot, SCV  
  69  8:38  Supply Depot, Marine x2, Concussive Shells  
  69  8:40  Medivac x2  
  76  8:42  Widow Mine x2  
  76  8:44  SCV  
  81  8:52  SCV  
  81  8:54  Marauder x2  
  85  8:56  SCV  
  85  8:58  Barracks Tech Lab  
  86  9:04  SCV  
  86  9:05  Marine x2, Marauder  
  86  9:08  SCV  
  92  9:10  Medivac  
  92  9:12  Supply Depot  
  94  9:17  Medivac  
  94  9:22  SCV x2  
  94  9:23  Marine x3  
  101  9:27  Marauder  
  102  9:40  Viking  
  102  9:43  Marine  
  98  9:47  Viking  
  98  9:50  Marauder x2  
  98  9:52  Marauder  
  89  10:14  Marine x2  
  89  10:15  Marine x2, Marauder x2  
  89  10:20  Viking x2  
  93  10:33  Marine x4, Marauder  
  99  10:36  Marauder x2  
Show
View Real Time Build Order
Export as new Build Order

sOs Protoss 

Build Orders: 1 Gate Expand, Colossus Rush, Dark Templar Rush 

Get SALT Encoding   

  12  0:00  Probe  
  13  0:12  Probe  
  14  0:17  Pylon  
  14  0:24  Probe  
  15  0:37  Probe (Chrono Boost)  
  15  0:40  Gateway  
  16  0:46  Probe (Chrono Boost)  
  17  0:51  Probe  
  17  0:52  Assimilator  
  18  1:03  Probe  
  19  1:15  Probe  
  20  1:25  Nexus  
  20  1:39  Cybernetics Core  
  20  1:40  Probe  
  20  1:44  Assimilator  
  21  1:52  Probe  
  22  1:54  Pylon  
  22  2:04  Probe  
  23  2:13  Adept (Chrono Boost)  
  25  2:15  Warp Gate  
  25  2:16  Probe  
  26  2:24  Twilight Council  
  26  2:28  Probe  
  27  2:32  Adept  
  29  2:37  Probe  
  29  2:40  Probe  
  31  2:49  Probe  
  32  2:53  Probe  
  33  2:59  Stalker  
  33  3:03  Probe  
  33  3:05  Pylon  
  37  3:07  Dark Shrine  
  37  3:12  Probe (Chrono Boost)  
  36  3:16  Probe (Chrono Boost)  
  37  3:20  Gateway  
  37  3:26  Probe (Chrono Boost)  
  38  3:28  Probe (Chrono Boost)  
  40  3:36  Probe x2 (Chrono Boost)  
  40  3:37  Robotics Facility  
  41  3:45  Pylon  
  41  3:48  Probe (Chrono Boost)  
  43  3:51  Probe (Chrono Boost)  
  43  3:53  Probe (Chrono Boost), Assimilator  
  44  4:02  Probe (Chrono Boost)  
  45  4:03  Probe (Chrono Boost)  
  45  4:06  Pylon  
  46  4:12  Probe (Chrono Boost), Assimilator  
  46  4:13  Probe (Chrono Boost)  
  48  4:22  Probe, Dark Templar  
  51  4:24  Dark Templar  
  51  4:25  Probe  
  51  4:28  Warp Prism (Chrono Boost)  
  54  4:34  Probe  
  54  4:38  Pylon  
  55  4:39  Probe  
  54  4:46  Probe  
  54  4:47  Charge  
  54  4:51  Probe  
  54  4:52  Robotics Bay  
  56  4:55  Stalker  
  56  4:56  Stalker  
  60  5:02  Gateway  
  60  5:05  Gateway  
  60  5:13  Observer  
  55  5:23  Probe x2  
  55  5:27  Dark Templar  
  55  5:28  Dark Templar  
  61  5:30  Gateway  
  61  5:35  Gateway  
  61  5:44  Colossus (Chrono Boost)  
  67  6:03  Dark Templar  
  69  6:07  Pylon  
  69  6:09  Pylon  
  69  6:11  Pylon  
  69  6:17  Zealot  
  69  6:23  Probe  
  68  6:26  Stalker x2  
  68  6:27  Stalker  
  66  6:39  Zealot x3  
  67  6:40  Probe  
  67  6:41  Probe  
  66  6:50  Stalker  
  52  6:59  Dark Templar  
  44  7:07  Probe x2  
  44  7:15  Stalker  
  44  7:29  Probe (Chrono Boost)  
  46  7:30  Probe (Chrono Boost), Colossus (Chrono Boost)  
  52  7:41  Pylon  
  52  7:42  Probe x2 (Chrono Boost)  
  54  7:48  Dark Templar  
  54  7:50  Probe x2 (Chrono Boost)  
  56  7:56  Zealot x2  
  58  8:23  Colossus (Chrono Boost)  
  58  8:25  Dark Templar  
  60  8:33  Dark Templar  
  66  8:34  Zealot  
  66  8:35  Zealot x3  
  66  8:37  Sentry  
  66  8:40  Forge  
  76  8:59  Zealot x4  
  76  9:01  Sentry  
  88  9:06  Sentry  
  88  9:12  Protoss Ground Weapons Level 1 (Chrono Boost)  
  88  9:27  Stalker x3  
  94  9:35  Archon  
  80  9:47  Stalker x3  
  80  9:50  Colossus  
  92  9:54  Dark Templar  
  94  10:00  Pylon  
  74  10:15  Zealot x5  
  72  10:28  Stalker  
  68  10:37  Stalker  
  68  10:38  Stalker x2  
  74  10:53  Stalker  
  74  10:54  Stalker x2  
  52  10:59  Stalker x2  
  52  11:01  Sentry  

Tags
 
Add a new tag
Caveats
  • Supply blocks, unpowered buildings, or Contaminate may cause inaccurate times.
  • Supply counts are checked every 10 seconds.